 Dungeon Crawl Stone Soup version 0.29-a0-506-ga2e7fffb44 (webtiles) character file.

Game seed: 2365005177856619878

16 kevlar127 the Ruffian (level 2, 0/29 HPs)
             Began as a Troll Berserker on May 29, 2022.
             Was a Follower of Trog.
             Slain by an adder (2 damage)
             ... on level 2 of the Dungeon.
             The game lasted 00:00:37 (171 turns).

kevlar127 the Ruffian (Troll Berserker)              Turns: 171, Time: 00:00:38

Health: 0/29       AC:  4    Str: 24    XL:     2   Next: 37%
Magic:  1/1        EV: 10    Int:  3    God:    Trog [*.....]
Gold:   11         SH:  0    Dex:  9    Spells: 1/1 levels left

rFire   . . .      SeeInvis .     - Unarmed
rCold   . . .      Faith    .   (no shield)
rNeg    . . .      Spirit   .   a - +0 animal skin
rPois   .          Reflect  .   (helmet restricted)
rElec   .          Harm     .   (no cloak)
rCorr   .          Rampage  .   (gloves unavailable)
Will    .....                   (boots unavailable)
Stlth   +.........              (no amulet)
HPRegen 0.89/turn               (no ring)
MPRegen 0.07/turn               (no ring)

@: lethally poisoned (0 -> -1)
A: large, unfitting armour, claws 3, regeneration 1, shaggy fur 1, tough skin 1
a: Renounce Religion, Berserk


You were on level 2 of the Dungeon.
You worshipped Trog.
Trog was aware of your devotion.
You visited 1 branch of the dungeon, and saw 2 of its levels.

You collected 11 gold pieces.

Inventory:

Armour
 a - a +0 animal skin (worn)
Scrolls
 b - a scroll of identify {unknown}
Potions
 c - a potion of mutation {unknown}


   Skills:
 + Level 2.6 Fighting
 + Level 2.7 Dodging
 + Level 3.2 Unarmed Combat


You had one spell level left.
You didn't know any spells.
Your spell library was empty.

Dungeon Overview and Level Annotations

Branches:
Dungeon (1/15)

Altars:


Innate Abilities, Weirdness & Mutations

You are too large for most types of armour.
You have claws for hands.
Your natural rate of healing is unusually fast.
You are covered in fur. (AC +1)
You have tough skin. (AC +1)


Message History

The adder bites you but does no damage. The quokka bites you.
The adder bites you.
You barely miss the adder. You claw the adder!
The adder is almost dead.
The bat hits you but does no damage. The quokka closely misses you.
The adder bites you.
You are poisoned.
The adder poisons you!
You closely miss the adder.
The adder is almost dead.
You feel sick. The bat hits you but does no damage.
The quokka closely misses you. The adder bites you.
The quokka bites you but does no damage.
You miss the adder.
The adder is almost dead.
You feel sick. The adder bites you but does no damage. The quokka bites you.
The bat hits you but does no damage.
You closely miss the adder.
The adder is almost dead.
You feel sick. The bat barely misses you. The adder bites you.
The quokka bites you.
* * * LOW HITPOINT WARNING * * *
You feel sick. The bat hits you but does no damage.
The adder bites you but does no damage.
You see here a quokka corpse.
You feel sick.
You are no longer poisoned.
The bat hits you but does no damage.
Unknown command.
You closely miss the bat. The bat misses you. The adder bites you.
* * * LOW HITPOINT WARNING * * *
You are poisoned.
The adder poisons you!
The quokka bites you but does no damage.
You barely miss the bat.
You feel sick. The bat hits you.
* * * LOW HITPOINT WARNING * * *
The adder closely misses you. The quokka misses you.
The adder bites you but does no damage. The adder attacks as you move away!
The adder bites you.
You die...

.###....###.....######.#
........'...............
....#...###.....###.##..
# #...######### #.##..
#.....# #.##..
####†'#### #.##..
##........## #.####
##..........# #.#
##....@.....[.# #.#
##....Srb....... #.#
#.............[.
................
................
...............
........##.....
........# .....
........! .....


You could see an adder, a quokka and a bat.

Vanquished Creatures
  An adder (D:2)
  2 ball pythons (D:2)
  2 hobgoblins (D:1)
  A quokka (D:2)
  A kobold (D:1)
7 creatures vanquished.

Notes
Turn   | Place    | Note
-------+----------+-------------------------------------------
     0 | D:1      | kevlar127 the Troll Berserker began the quest for the Orb.
     0 | D:1      | Reached XP level 1. HP: 22/22 MP: 0/0
   112 | D:1      | You fall into a shaft and drop 1 floor!
   146 | D:2      | Reached XP level 2. HP: 29/29 MP: 1/1
   171 | D:2      | Slain by an adder

Illustrated notes

Levels and vault maps discovered:
D:1:      psy_arrival_terrarium, layout_basic
D:2:      kennysheep_big_flooded_room, layout_basic,
          nicolae_ecumenical_oubliette, hangedman_decor_diamond_cutter,
          kennysheep_nub, uniq_terence

Action                   || total
-------------------------++-------
Melee: Unarmed           ||    26
       Punch             ||     1
Armor: Animal skin       ||    20
Dodge: Dodged            ||    23

Table legend: (Time is in decaauts)
 A = Elapsed time spent in this place.
 B = Non-inter-level travel time spent in this place.
 C = Inter-level travel time spent in this place.
 D = Time resting spent in this place.
 E = Time spent auto-exploring this place.
 F = Levels seen in this place.
 G = Mean time per level.
                   A        B        C        D        E       F      G
               +--------+--------+--------+--------+--------+-----+--------+
         Total |    169 |    169 |      0 |      0 |    122 |   2 |   84.5 |
       Dungeon |    169 |    169 |      0 |      0 |    122 |   2 |   84.5 |
               +--------+--------+--------+--------+--------+-----+--------+

Top non-repeatable levels by time:
     D:1: 111 daAuts
     D:2: 57 daAuts
